Workbook

Sheet Dashboard
A1: Omnichannel sales dashboard
A2: Every cell on this sheet is a formula. Fill in the Revenue, Orders and Ad spend sheets and it updates. From sentopi.com/omnichannel-sales-dashboard-template
A4: Month to review | B4: =SUMPRODUCT(MAX(ISNUMBER(Revenue!J5:J64)*(Revenue!J5:J64>0)*Revenue!A5:A64)) | C4: The latest month with sales. Type a date over it to review an earlier month.
A6: Channel | B6: This month | C6: Last month | D6: Same month last year | E6: vs last month | F6: vs last year | G6: Share of revenue | H6: Orders | I6: Revenue per order | J6: Ad spend | K6: Ad spend % of revenue | L6: Change vs last year ($)
A7: =Revenue!B4 | B7: =SUMIFS('Revenue'!B$5:B$64,'Revenue'!$A$5:$A$64,$B$4) | C7: =SUMIFS('Revenue'!B$5:B$64,'Revenue'!$A$5:$A$64,EDATE($B$4,-1)) | D7: =SUMIFS('Revenue'!B$5:B$64,'Revenue'!$A$5:$A$64,EDATE($B$4,-12)) | E7: =IF(C7=0,IF(AND(B7>0,COUNTIF(Revenue!$A$5:$A$64,EDATE($B$4,-1))>0),"new",""),B7/C7-1) | F7: =IF(D7=0,IF(AND(B7>0,COUNTIF(Revenue!$A$5:$A$64,EDATE($B$4,-12))>0),"new",""),B7/D7-1) | G7: =IF($B$15=0,"",B7/$B$15) | H7: =SUMIFS('Orders'!B$5:B$64,'Orders'!$A$5:$A$64,$B$4) | I7: =IF(H7=0,"",B7/H7) | J7: =SUMIFS('Ad spend'!B$5:B$64,'Ad spend'!$A$5:$A$64,$B$4) | K7: =IF(B7=0,"",J7/B7) | L7: =IF(COUNTIF(Revenue!$A$5:$A$64,EDATE($B$4,-12))>0,B7-D7,"") | M7: =IF(OR(D7=0,L7=""),0,ABS(L7)) | N7: =IF(AND(D7=0,B7>0,COUNTIF(Revenue!$A$5:$A$64,EDATE($B$4,-12))>0),B7,0)
A8: =Revenue!C4 | B8: =SUMIFS('Revenue'!C$5:C$64,'Revenue'!$A$5:$A$64,$B$4) | C8: =SUMIFS('Revenue'!C$5:C$64,'Revenue'!$A$5:$A$64,EDATE($B$4,-1)) | D8: =SUMIFS('Revenue'!C$5:C$64,'Revenue'!$A$5:$A$64,EDATE($B$4,-12)) | E8: =IF(C8=0,IF(AND(B8>0,COUNTIF(Revenue!$A$5:$A$64,EDATE($B$4,-1))>0),"new",""),B8/C8-1) | F8: =IF(D8=0,IF(AND(B8>0,COUNTIF(Revenue!$A$5:$A$64,EDATE($B$4,-12))>0),"new",""),B8/D8-1) | G8: =IF($B$15=0,"",B8/$B$15) | H8: =SUMIFS('Orders'!C$5:C$64,'Orders'!$A$5:$A$64,$B$4) | I8: =IF(H8=0,"",B8/H8) | J8: =SUMIFS('Ad spend'!C$5:C$64,'Ad spend'!$A$5:$A$64,$B$4) | K8: =IF(B8=0,"",J8/B8) | L8: =IF(COUNTIF(Revenue!$A$5:$A$64,EDATE($B$4,-12))>0,B8-D8,"") | M8: =IF(OR(D8=0,L8=""),0,ABS(L8)) | N8: =IF(AND(D8=0,B8>0,COUNTIF(Revenue!$A$5:$A$64,EDATE($B$4,-12))>0),B8,0)
A9: =Revenue!D4 | B9: =SUMIFS('Revenue'!D$5:D$64,'Revenue'!$A$5:$A$64,$B$4) | C9: =SUMIFS('Revenue'!D$5:D$64,'Revenue'!$A$5:$A$64,EDATE($B$4,-1)) | D9: =SUMIFS('Revenue'!D$5:D$64,'Revenue'!$A$5:$A$64,EDATE($B$4,-12)) | E9: =IF(C9=0,IF(AND(B9>0,COUNTIF(Revenue!$A$5:$A$64,EDATE($B$4,-1))>0),"new",""),B9/C9-1) | F9: =IF(D9=0,IF(AND(B9>0,COUNTIF(Revenue!$A$5:$A$64,EDATE($B$4,-12))>0),"new",""),B9/D9-1) | G9: =IF($B$15=0,"",B9/$B$15) | H9: =SUMIFS('Orders'!D$5:D$64,'Orders'!$A$5:$A$64,$B$4) | I9: =IF(H9=0,"",B9/H9) | J9: =SUMIFS('Ad spend'!D$5:D$64,'Ad spend'!$A$5:$A$64,$B$4) | K9: =IF(B9=0,"",J9/B9) | L9: =IF(COUNTIF(Revenue!$A$5:$A$64,EDATE($B$4,-12))>0,B9-D9,"") | M9: =IF(OR(D9=0,L9=""),0,ABS(L9)) | N9: =IF(AND(D9=0,B9>0,COUNTIF(Revenue!$A$5:$A$64,EDATE($B$4,-12))>0),B9,0)
A10: =Revenue!E4 | B10: =SUMIFS('Revenue'!E$5:E$64,'Revenue'!$A$5:$A$64,$B$4) | C10: =SUMIFS('Revenue'!E$5:E$64,'Revenue'!$A$5:$A$64,EDATE($B$4,-1)) | D10: =SUMIFS('Revenue'!E$5:E$64,'Revenue'!$A$5:$A$64,EDATE($B$4,-12)) | E10: =IF(C10=0,IF(AND(B10>0,COUNTIF(Revenue!$A$5:$A$64,EDATE($B$4,-1))>0),"new",""),B10/C10-1) | F10: =IF(D10=0,IF(AND(B10>0,COUNTIF(Revenue!$A$5:$A$64,EDATE($B$4,-12))>0),"new",""),B10/D10-1) | G10: =IF($B$15=0,"",B10/$B$15) | H10: =SUMIFS('Orders'!E$5:E$64,'Orders'!$A$5:$A$64,$B$4) | I10: =IF(H10=0,"",B10/H10) | J10: =SUMIFS('Ad spend'!E$5:E$64,'Ad spend'!$A$5:$A$64,$B$4) | K10: =IF(B10=0,"",J10/B10) | L10: =IF(COUNTIF(Revenue!$A$5:$A$64,EDATE($B$4,-12))>0,B10-D10,"") | M10: =IF(OR(D10=0,L10=""),0,ABS(L10)) | N10: =IF(AND(D10=0,B10>0,COUNTIF(Revenue!$A$5:$A$64,EDATE($B$4,-12))>0),B10,0)
A11: =Revenue!F4 | B11: =SUMIFS('Revenue'!F$5:F$64,'Revenue'!$A$5:$A$64,$B$4) | C11: =SUMIFS('Revenue'!F$5:F$64,'Revenue'!$A$5:$A$64,EDATE($B$4,-1)) | D11: =SUMIFS('Revenue'!F$5:F$64,'Revenue'!$A$5:$A$64,EDATE($B$4,-12)) | E11: =IF(C11=0,IF(AND(B11>0,COUNTIF(Revenue!$A$5:$A$64,EDATE($B$4,-1))>0),"new",""),B11/C11-1) | F11: =IF(D11=0,IF(AND(B11>0,COUNTIF(Revenue!$A$5:$A$64,EDATE($B$4,-12))>0),"new",""),B11/D11-1) | G11: =IF($B$15=0,"",B11/$B$15) | H11: =SUMIFS('Orders'!F$5:F$64,'Orders'!$A$5:$A$64,$B$4) | I11: =IF(H11=0,"",B11/H11) | J11: =SUMIFS('Ad spend'!F$5:F$64,'Ad spend'!$A$5:$A$64,$B$4) | K11: =IF(B11=0,"",J11/B11) | L11: =IF(COUNTIF(Revenue!$A$5:$A$64,EDATE($B$4,-12))>0,B11-D11,"") | M11: =IF(OR(D11=0,L11=""),0,ABS(L11)) | N11: =IF(AND(D11=0,B11>0,COUNTIF(Revenue!$A$5:$A$64,EDATE($B$4,-12))>0),B11,0)
A12: =Revenue!G4 | B12: =SUMIFS('Revenue'!G$5:G$64,'Revenue'!$A$5:$A$64,$B$4) | C12: =SUMIFS('Revenue'!G$5:G$64,'Revenue'!$A$5:$A$64,EDATE($B$4,-1)) | D12: =SUMIFS('Revenue'!G$5:G$64,'Revenue'!$A$5:$A$64,EDATE($B$4,-12)) | E12: =IF(C12=0,IF(AND(B12>0,COUNTIF(Revenue!$A$5:$A$64,EDATE($B$4,-1))>0),"new",""),B12/C12-1) | F12: =IF(D12=0,IF(AND(B12>0,COUNTIF(Revenue!$A$5:$A$64,EDATE($B$4,-12))>0),"new",""),B12/D12-1) | G12: =IF($B$15=0,"",B12/$B$15) | H12: =SUMIFS('Orders'!G$5:G$64,'Orders'!$A$5:$A$64,$B$4) | I12: =IF(H12=0,"",B12/H12) | J12: =SUMIFS('Ad spend'!G$5:G$64,'Ad spend'!$A$5:$A$64,$B$4) | K12: =IF(B12=0,"",J12/B12) | L12: =IF(COUNTIF(Revenue!$A$5:$A$64,EDATE($B$4,-12))>0,B12-D12,"") | M12: =IF(OR(D12=0,L12=""),0,ABS(L12)) | N12: =IF(AND(D12=0,B12>0,COUNTIF(Revenue!$A$5:$A$64,EDATE($B$4,-12))>0),B12,0)
A13: =Revenue!H4 | B13: =SUMIFS('Revenue'!H$5:H$64,'Revenue'!$A$5:$A$64,$B$4) | C13: =SUMIFS('Revenue'!H$5:H$64,'Revenue'!$A$5:$A$64,EDATE($B$4,-1)) | D13: =SUMIFS('Revenue'!H$5:H$64,'Revenue'!$A$5:$A$64,EDATE($B$4,-12)) | E13: =IF(C13=0,IF(AND(B13>0,COUNTIF(Revenue!$A$5:$A$64,EDATE($B$4,-1))>0),"new",""),B13/C13-1) | F13: =IF(D13=0,IF(AND(B13>0,COUNTIF(Revenue!$A$5:$A$64,EDATE($B$4,-12))>0),"new",""),B13/D13-1) | G13: =IF($B$15=0,"",B13/$B$15) | H13: =SUMIFS('Orders'!H$5:H$64,'Orders'!$A$5:$A$64,$B$4) | I13: =IF(H13=0,"",B13/H13) | J13: =SUMIFS('Ad spend'!H$5:H$64,'Ad spend'!$A$5:$A$64,$B$4) | K13: =IF(B13=0,"",J13/B13) | L13: =IF(COUNTIF(Revenue!$A$5:$A$64,EDATE($B$4,-12))>0,B13-D13,"") | M13: =IF(OR(D13=0,L13=""),0,ABS(L13)) | N13: =IF(AND(D13=0,B13>0,COUNTIF(Revenue!$A$5:$A$64,EDATE($B$4,-12))>0),B13,0)
A14: =Revenue!I4 | B14: =SUMIFS('Revenue'!I$5:I$64,'Revenue'!$A$5:$A$64,$B$4) | C14: =SUMIFS('Revenue'!I$5:I$64,'Revenue'!$A$5:$A$64,EDATE($B$4,-1)) | D14: =SUMIFS('Revenue'!I$5:I$64,'Revenue'!$A$5:$A$64,EDATE($B$4,-12)) | E14: =IF(C14=0,IF(AND(B14>0,COUNTIF(Revenue!$A$5:$A$64,EDATE($B$4,-1))>0),"new",""),B14/C14-1) | F14: =IF(D14=0,IF(AND(B14>0,COUNTIF(Revenue!$A$5:$A$64,EDATE($B$4,-12))>0),"new",""),B14/D14-1) | G14: =IF($B$15=0,"",B14/$B$15) | H14: =SUMIFS('Orders'!I$5:I$64,'Orders'!$A$5:$A$64,$B$4) | I14: =IF(H14=0,"",B14/H14) | J14: =SUMIFS('Ad spend'!I$5:I$64,'Ad spend'!$A$5:$A$64,$B$4) | K14: =IF(B14=0,"",J14/B14) | L14: =IF(COUNTIF(Revenue!$A$5:$A$64,EDATE($B$4,-12))>0,B14-D14,"") | M14: =IF(OR(D14=0,L14=""),0,ABS(L14)) | N14: =IF(AND(D14=0,B14>0,COUNTIF(Revenue!$A$5:$A$64,EDATE($B$4,-12))>0),B14,0)
A15: All channels | B15: =SUMIFS('Revenue'!J$5:J$64,'Revenue'!$A$5:$A$64,$B$4) | C15: =SUMIFS('Revenue'!J$5:J$64,'Revenue'!$A$5:$A$64,EDATE($B$4,-1)) | D15: =SUMIFS('Revenue'!J$5:J$64,'Revenue'!$A$5:$A$64,EDATE($B$4,-12)) | E15: =IF(C15=0,IF(AND(B15>0,COUNTIF(Revenue!$A$5:$A$64,EDATE($B$4,-1))>0),"new",""),B15/C15-1) | F15: =IF(D15=0,IF(AND(B15>0,COUNTIF(Revenue!$A$5:$A$64,EDATE($B$4,-12))>0),"new",""),B15/D15-1) | G15: =IF($B$15=0,"",B15/$B$15) | H15: =SUMIFS('Orders'!J$5:J$64,'Orders'!$A$5:$A$64,$B$4) | I15: =IF(H15=0,"",B15/H15) | J15: =SUMIFS('Ad spend'!J$5:J$64,'Ad spend'!$A$5:$A$64,$B$4) | K15: =IF(B15=0,"",J15/B15) | L15: =IF(COUNTIF(Revenue!$A$5:$A$64,EDATE($B$4,-12))>0,B15-D15,"") | M15: =IF(OR(D15=0,L15=""),0,ABS(L15)) | N15: =IF(AND(D15=0,B15>0,COUNTIF(Revenue!$A$5:$A$64,EDATE($B$4,-12))>0),B15,0)
A17: Moved most | B17: =IF(B15=0,"Fill in the Revenue sheet",IF(MAX(M7:M14)=0,"Needs the same month last year to compare. Add 13 months to see what moved.",INDEX(A7:A14,MATCH(MAX(M7:M14),M7:M14,0))&IF(INDEX(L7:L14,MATCH(MAX(M7:M14),M7:M14,0))<0," fell "," grew ")&TEXT(ABS(INDEX(L7:L14,MATCH(MAX(M7:M14),M7:M14,0))),"$#,##0")&" against the same month last year, while all channels "&IF(L15<0,"fell ","grew ")&TEXT(ABS(F15),"0.0%")&"."&IF(SUM(N7:N14)>0," Channels with no sales a year ago brought "&TEXT(SUM(N7:N14),"$#,##0")&" of this month.","")))
A18: Next question | B18: Why? Split that channel's change into traffic, conversion and order value before you explain it. sentopi.com/sales-drop-check does it in a minute, or Sentopi builds the first monthly review free.

Sheet Revenue
A1: Revenue by month and channel
A2: Filled with a fictional brand so the dashboard works when you open it. Type over it with your own months, one row per month and one column per channel. Leave a channel blank if you don't sell there. Room for 5 years of months, rows 5 to 64.
A4: Month | B4: Amazon | C4: Shopify | D4: Walmart | E4: TikTok Shop | F4: Etsy | G4: Faire | H4: Wholesale | I4: Other | J4: Total
A5: 45566 | B5: 62970 | C5: 25850 | D5: 5820 | G5: 6990 | J5: =IF(A5="","",SUM(B5:I5))
A6: 45597 | B6: 85210 | C6: 36180 | D6: 8040 | G6: 9690 | J6: =IF(A6="","",SUM(B6:I6))
A7: 45627 | B7: 89860 | C7: 39470 | D7: 8650 | G7: 10460 | J7: =IF(A7="","",SUM(B7:I7))
A8: 45658 | B8: 48290 | C8: 21950 | D8: 4740 | G8: 5760 | J8: =IF(A8="","",SUM(B8:I8))
A9: 45689 | B9: 48930 | C9: 23000 | D9: 4900 | G9: 5970 | J9: =IF(A9="","",SUM(B9:I9))
A10: 45717 | B10: 55660 | C10: 27070 | D10: 5690 | G10: 6960 | J10: =IF(A10="","",SUM(B10:I10))
A11: 45748 | B11: 53890 | C11: 27110 | D11: 5620 | G11: 6900 | J11: =IF(A11="","",SUM(B11:I11))
A12: 45778 | B12: 55190 | C12: 28730 | D12: 5880 | G12: 7240 | J12: =IF(A12="","",SUM(B12:I12))
A13: 45809 | B13: 53090 | C13: 28590 | D13: 5770 | G13: 7130 | J13: =IF(A13="","",SUM(B13:I13))
A14: 45839 | B14: 57280 | C14: 31910 | D14: 6350 | G14: 7880 | J14: =IF(A14="","",SUM(B14:I14))
A15: 45870 | B15: 50770 | C15: 29260 | D15: 5740 | G15: 7150 | J15: =IF(A15="","",SUM(B15:I15))
A16: 45901 | B16: 52000 | C16: 31000 | D16: 6000 | G16: 7500 | J16: =IF(A16="","",SUM(B16:I16))
... A21: 46054 | B21: 40920 | C21: 28910 | D21: 5220 | G21: 6650 | J21: =IF(A21="","",SUM(B21:I21))
A22: 46082 | B22: 43830 | C22: 32030 | D22: 5710 | E22: 1710 | G22: 7290 | J22: =IF(A22="","",SUM(B22:I22))
A23: 46113 | B23: 44610 | C23: 33720 | D23: 5930 | E23: 3040 | G23: 7600 | J23: =IF(A23="","",SUM(B23:I23))
A24: 46143 | B24: 45240 | C24: 35380 | D24: 6130 | E24: 4700 | G24: 7890 | J24: =IF(A24="","",SUM(B24:I24))
A25: 46174 | B25: 41820 | C25: 33830 | D25: 5780 | E25: 6080 | G25: 7470 | J25: =IF(A25="","",SUM(B25:I25))
A26: 46204 | B26: 47900 | C26: 40090 | D26: 6760 | E26: 8960 | G26: 8770 | J26: =IF(A26="","",SUM(B26:I26))
A27: 46235 | B27: 39980 | C27: 34610 | D27: 5760 | E27: 8170 | G27: 7490 | J27: =IF(A27="","",SUM(B27:I27))
A28: 46266 | B28: 42200 | C28: 37800 | D28: 6200 | E28: 9400 | G28: 8100 | J28: =IF(A28="","",SUM(B28:I28))
J29: =IF(A29="","",SUM(B29:I29))
J30: =IF(A30="","",SUM(B30:I30))
J31: =IF(A31="","",SUM(B31:I31))
J32: =IF(A32="","",SUM(B32:I32))
J33: =IF(A33="","",SUM(B33:I33))
J34: =IF(A34="","",SUM(B34:I34))
J35: =IF(A35="","",SUM(B35:I35))
J36: =IF(A36="","",SUM(B36:I36))
J37: =IF(A37="","",SUM(B37:I37))
J38: =IF(A38="","",SUM(B38:I38))
J39: =IF(A39="","",SUM(B39:I39))
J40: =IF(A40="","",SUM(B40:I40))
... J64: =IF(A64="","",SUM(B64:I64))

Sheet Orders
A1: Orders by month and channel
A2: Filled with a fictional brand so the dashboard works when you open it. Type over it with your own months, one row per month and one column per channel. Leave a channel blank if you don't sell there. Room for 5 years of months, rows 5 to 64.
A4: Month | B4: Amazon | C4: Shopify | D4: Walmart | E4: TikTok Shop | F4: Etsy | G4: Faire | H4: Wholesale | I4: Other | J4: Total
A5: 45566 | B5: 2047 | C5: 449 | D5: 202 | G5: 17 | J5: =IF(A5="","",SUM(B5:I5))
A6: 45597 | B6: 2749 | C6: 624 | D6: 277 | G6: 24 | J6: =IF(A6="","",SUM(B6:I6))
A7: 45627 | B7: 2884 | C7: 677 | D7: 297 | G7: 25 | J7: =IF(A7="","",SUM(B7:I7))
A8: 45658 | B8: 1573 | C8: 382 | D8: 165 | G8: 14 | J8: =IF(A8="","",SUM(B8:I8))
A9: 45689 | B9: 1567 | C9: 394 | D9: 168 | G9: 14 | J9: =IF(A9="","",SUM(B9:I9))
A10: 45717 | B10: 1804 | C10: 469 | D10: 197 | G10: 17 | J10: =IF(A10="","",SUM(B10:I10))
A11: 45748 | B11: 1738 | C11: 467 | D11: 194 | G11: 17 | J11: =IF(A11="","",SUM(B11:I11))
A12: 45778 | B12: 1794 | C12: 499 | D12: 204 | G12: 18 | J12: =IF(A12="","",SUM(B12:I12))
A13: 45809 | B13: 1704 | C13: 490 | D13: 198 | G13: 17 | J13: =IF(A13="","",SUM(B13:I13))
A14: 45839 | B14: 1866 | C14: 556 | D14: 221 | G14: 19 | J14: =IF(A14="","",SUM(B14:I14))
A15: 45870 | B15: 1621 | C15: 499 | D15: 196 | G15: 17 | J15: =IF(A15="","",SUM(B15:I15))
A16: 45901 | B16: 1686 | C16: 537 | D16: 208 | G16: 18 | J16: =IF(A16="","",SUM(B16:I16))
... A21: 46054 | B21: 1330 | C21: 502 | D21: 181 | G21: 16 | J21: =IF(A21="","",SUM(B21:I21))
A22: 46082 | B22: 1400 | C22: 547 | D22: 195 | E22: 65 | G22: 18 | J22: =IF(A22="","",SUM(B22:I22))
A23: 46113 | B23: 1439 | C23: 581 | D23: 204 | E23: 117 | G23: 19 | J23: =IF(A23="","",SUM(B23:I23))
A24: 46143 | B24: 1459 | C24: 610 | D24: 211 | E24: 181 | G24: 19 | J24: =IF(A24="","",SUM(B24:I24))
A25: 46174 | B25: 1363 | C25: 589 | D25: 201 | E25: 236 | G25: 18 | J25: =IF(A25="","",SUM(B25:I25))
A26: 46204 | B26: 1534 | C26: 686 | D26: 231 | E26: 342 | G26: 21 | J26: =IF(A26="","",SUM(B26:I26))
A27: 46235 | B27: 1296 | C27: 600 | D27: 200 | E27: 316 | G27: 18 | J27: =IF(A27="","",SUM(B27:I27))
A28: 46266 | B28: 1348 | C28: 645 | D28: 212 | E28: 358 | G28: 20 | J28: =IF(A28="","",SUM(B28:I28))
J29: =IF(A29="","",SUM(B29:I29))
J30: =IF(A30="","",SUM(B30:I30))
J31: =IF(A31="","",SUM(B31:I31))
J32: =IF(A32="","",SUM(B32:I32))
J33: =IF(A33="","",SUM(B33:I33))
J34: =IF(A34="","",SUM(B34:I34))
J35: =IF(A35="","",SUM(B35:I35))
J36: =IF(A36="","",SUM(B36:I36))
J37: =IF(A37="","",SUM(B37:I37))
J38: =IF(A38="","",SUM(B38:I38))
J39: =IF(A39="","",SUM(B39:I39))
J40: =IF(A40="","",SUM(B40:I40))
... J64: =IF(A64="","",SUM(B64:I64))

Sheet Ad spend
A1: Ad spend by month and channel
A2: Filled with a fictional brand so the dashboard works when you open it. Type over it with your own months, one row per month and one column per channel. Leave a channel blank if you don't sell there. Room for 5 years of months, rows 5 to 64.
A4: Month | B4: Amazon | C4: Shopify | D4: Walmart | E4: TikTok Shop | F4: Etsy | G4: Faire | H4: Wholesale | I4: Other | J4: Total
A5: 45566 | B5: 8820 | C5: 4650 | D5: 350 | J5: =IF(A5="","",SUM(B5:I5))
A6: 45597 | B6: 11930 | C6: 6510 | D6: 480 | J6: =IF(A6="","",SUM(B6:I6))
A7: 45627 | B7: 12580 | C7: 7100 | D7: 520 | J7: =IF(A7="","",SUM(B7:I7))
A8: 45658 | B8: 6760 | C8: 3950 | D8: 280 | J8: =IF(A8="","",SUM(B8:I8))
A9: 45689 | B9: 6850 | C9: 4140 | D9: 290 | J9: =IF(A9="","",SUM(B9:I9))
A10: 45717 | B10: 7790 | C10: 4870 | D10: 340 | J10: =IF(A10="","",SUM(B10:I10))
A11: 45748 | B11: 7540 | C11: 4880 | D11: 340 | J11: =IF(A11="","",SUM(B11:I11))
A12: 45778 | B12: 7730 | C12: 5170 | D12: 350 | J12: =IF(A12="","",SUM(B12:I12))
A13: 45809 | B13: 7430 | C13: 5150 | D13: 350 | J13: =IF(A13="","",SUM(B13:I13))
A14: 45839 | B14: 8020 | C14: 5740 | D14: 380 | J14: =IF(A14="","",SUM(B14:I14))
A15: 45870 | B15: 7110 | C15: 5270 | D15: 340 | J15: =IF(A15="","",SUM(B15:I15))
A16: 45901 | B16: 7280 | C16: 5580 | D16: 360 | J16: =IF(A16="","",SUM(B16:I16))
... A21: 46054 | B21: 6240 | C21: 5080 | D21: 310 | J21: =IF(A21="","",SUM(B21:I21))
A22: 46082 | B22: 6790 | C22: 5610 | D22: 340 | E22: 380 | J22: =IF(A22="","",SUM(B22:I22))
A23: 46113 | B23: 7030 | C23: 5870 | D23: 360 | E23: 670 | J23: =IF(A23="","",SUM(B23:I23))
A24: 46143 | B24: 7240 | C24: 6130 | D24: 370 | E24: 1030 | J24: =IF(A24="","",SUM(B24:I24))
A25: 46174 | B25: 6800 | C25: 5840 | D25: 350 | E25: 1340 | J25: =IF(A25="","",SUM(B25:I25))
A26: 46204 | B26: 7900 | C26: 6880 | D26: 410 | E26: 1970 | J26: =IF(A26="","",SUM(B26:I26))
A27: 46235 | B27: 6700 | C27: 5910 | D27: 350 | E27: 1800 | J27: =IF(A27="","",SUM(B27:I27))
A28: 46266 | B28: 7170 | C28: 6430 | D28: 370 | E28: 2070 | J28: =IF(A28="","",SUM(B28:I28))
J29: =IF(A29="","",SUM(B29:I29))
J30: =IF(A30="","",SUM(B30:I30))
J31: =IF(A31="","",SUM(B31:I31))
J32: =IF(A32="","",SUM(B32:I32))
J33: =IF(A33="","",SUM(B33:I33))
J34: =IF(A34="","",SUM(B34:I34))
J35: =IF(A35="","",SUM(B35:I35))
J36: =IF(A36="","",SUM(B36:I36))
J37: =IF(A37="","",SUM(B37:I37))
J38: =IF(A38="","",SUM(B38:I38))
J39: =IF(A39="","",SUM(B39:I39))
J40: =IF(A40="","",SUM(B40:I40))
... J64: =IF(A64="","",SUM(B64:I64))

Sheet Where each number lives
A1: Where each channel's monthly number lives
A3: Channel | B3: Report | C3: What the number includes
A4: Amazon | B4: Seller Central, Reports, Business Reports, Sales and Traffic by Date. Ordered product sales, and Total order items as orders: Amazon's count of order lines, the nearest it reports to orders. | C4: Before refunds
A5: Shopify | B5: Analytics, Reports, Net sales by channel for net sales, Total sales over time for orders. | C5: After discounts and returns
A6: Walmart | B6: Seller Center, Analytics, Sales Insights, Account Sales Report. GMV and orders. | C6: GMV, before returns
A7: TikTok Shop | B7: Seller Center, Data Compass, Shop Analytics. GMV and orders. | C7: GMV, before refunds
A8: Etsy | B8: Shop Manager, Stats. Revenue and orders. | C8: Before fees
A9: Faire | B9: Faire brand portal, Shop Analytics, or the orders export. Wholesale order totals. | C9: Wholesale price
A10: Wholesale | B10: Your invoices for the month, outside Faire. | C10: Invoiced
A11: Other | B11: Any channel not listed: your own retail, Instagram, a distributor. | C11: As you book it
A13: Pull every channel for the same calendar month. Marketplace GMV is counted before refunds and Shopify net sales after them, so a channel's share can shift a few points on refunds alone. Each path is from the platform's help pages, read October 5 and 6, 2026, and listed at sentopi.com/omnichannel-sales-dashboard-template#sources

Sheet Chart data
A1: Month | B1: =Revenue!B4 | C1: =Revenue!C4 | D1: =Revenue!D4 | E1: =Revenue!E4 | F1: =Revenue!F4 | G1: =Revenue!G4 | H1: =Revenue!H4 | I1: =Revenue!I4
A2: =EDATE(Dashboard!$B$4,-12) | B2: =IF(OR(COUNTIF(Revenue!$A$5:$A$64,$A2)=0,SUM(Revenue!B$5:B$64)=0),NA(),SUMIFS(Revenue!B$5:B$64,Revenue!$A$5:$A$64,$A2)) | C2: =IF(OR(COUNTIF(Revenue!$A$5:$A$64,$A2)=0,SUM(Revenue!C$5:C$64)=0),NA(),SUMIFS(Revenue!C$5:C$64,Revenue!$A$5:$A$64,$A2)) | D2: =IF(OR(COUNTIF(Revenue!$A$5:$A$64,$A2)=0,SUM(Revenue!D$5:D$64)=0),NA(),SUMIFS(Revenue!D$5:D$64,Revenue!$A$5:$A$64,$A2)) | E2: =IF(OR(COUNTIF(Revenue!$A$5:$A$64,$A2)=0,SUM(Revenue!E$5:E$64)=0),NA(),SUMIFS(Revenue!E$5:E$64,Revenue!$A$5:$A$64,$A2)) | F2: =IF(OR(COUNTIF(Revenue!$A$5:$A$64,$A2)=0,SUM(Revenue!F$5:F$64)=0),NA(),SUMIFS(Revenue!F$5:F$64,Revenue!$A$5:$A$64,$A2)) | G2: =IF(OR(COUNTIF(Revenue!$A$5:$A$64,$A2)=0,SUM(Revenue!G$5:G$64)=0),NA(),SUMIFS(Revenue!G$5:G$64,Revenue!$A$5:$A$64,$A2)) | H2: =IF(OR(COUNTIF(Revenue!$A$5:$A$64,$A2)=0,SUM(Revenue!H$5:H$64)=0),NA(),SUMIFS(Revenue!H$5:H$64,Revenue!$A$5:$A$64,$A2)) | I2: =IF(OR(COUNTIF(Revenue!$A$5:$A$64,$A2)=0,SUM(Revenue!I$5:I$64)=0),NA(),SUMIFS(Revenue!I$5:I$64,Revenue!$A$5:$A$64,$A2))
A3: =EDATE(Dashboard!$B$4,-11) | B3: =IF(OR(COUNTIF(Revenue!$A$5:$A$64,$A3)=0,SUM(Revenue!B$5:B$64)=0),NA(),SUMIFS(Revenue!B$5:B$64,Revenue!$A$5:$A$64,$A3)) | C3: =IF(OR(COUNTIF(Revenue!$A$5:$A$64,$A3)=0,SUM(Revenue!C$5:C$64)=0),NA(),SUMIFS(Revenue!C$5:C$64,Revenue!$A$5:$A$64,$A3)) | D3: =IF(OR(COUNTIF(Revenue!$A$5:$A$64,$A3)=0,SUM(Revenue!D$5:D$64)=0),NA(),SUMIFS(Revenue!D$5:D$64,Revenue!$A$5:$A$64,$A3)) | E3: =IF(OR(COUNTIF(Revenue!$A$5:$A$64,$A3)=0,SUM(Revenue!E$5:E$64)=0),NA(),SUMIFS(Revenue!E$5:E$64,Revenue!$A$5:$A$64,$A3)) | F3: =IF(OR(COUNTIF(Revenue!$A$5:$A$64,$A3)=0,SUM(Revenue!F$5:F$64)=0),NA(),SUMIFS(Revenue!F$5:F$64,Revenue!$A$5:$A$64,$A3)) | G3: =IF(OR(COUNTIF(Revenue!$A$5:$A$64,$A3)=0,SUM(Revenue!G$5:G$64)=0),NA(),SUMIFS(Revenue!G$5:G$64,Revenue!$A$5:$A$64,$A3)) | H3: =IF(OR(COUNTIF(Revenue!$A$5:$A$64,$A3)=0,SUM(Revenue!H$5:H$64)=0),NA(),SUMIFS(Revenue!H$5:H$64,Revenue!$A$5:$A$64,$A3)) | I3: =IF(OR(COUNTIF(Revenue!$A$5:$A$64,$A3)=0,SUM(Revenue!I$5:I$64)=0),NA(),SUMIFS(Revenue!I$5:I$64,Revenue!$A$5:$A$64,$A3))
A4: =EDATE(Dashboard!$B$4,-10) | B4: =IF(OR(COUNTIF(Revenue!$A$5:$A$64,$A4)=0,SUM(Revenue!B$5:B$64)=0),NA(),SUMIFS(Revenue!B$5:B$64,Revenue!$A$5:$A$64,$A4)) | C4: =IF(OR(COUNTIF(Revenue!$A$5:$A$64,$A4)=0,SUM(Revenue!C$5:C$64)=0),NA(),SUMIFS(Revenue!C$5:C$64,Revenue!$A$5:$A$64,$A4)) | D4: =IF(OR(COUNTIF(Revenue!$A$5:$A$64,$A4)=0,SUM(Revenue!D$5:D$64)=0),NA(),SUMIFS(Revenue!D$5:D$64,Revenue!$A$5:$A$64,$A4)) | E4: =IF(OR(COUNTIF(Revenue!$A$5:$A$64,$A4)=0,SUM(Revenue!E$5:E$64)=0),NA(),SUMIFS(Revenue!E$5:E$64,Revenue!$A$5:$A$64,$A4)) | F4: =IF(OR(COUNTIF(Revenue!$A$5:$A$64,$A4)=0,SUM(Revenue!F$5:F$64)=0),NA(),SUMIFS(Revenue!F$5:F$64,Revenue!$A$5:$A$64,$A4)) | G4: =IF(OR(COUNTIF(Revenue!$A$5:$A$64,$A4)=0,SUM(Revenue!G$5:G$64)=0),NA(),SUMIFS(Revenue!G$5:G$64,Revenue!$A$5:$A$64,$A4)) | H4: =IF(OR(COUNTIF(Revenue!$A$5:$A$64,$A4)=0,SUM(Revenue!H$5:H$64)=0),NA(),SUMIFS(Revenue!H$5:H$64,Revenue!$A$5:$A$64,$A4)) | I4: =IF(OR(COUNTIF(Revenue!$A$5:$A$64,$A4)=0,SUM(Revenue!I$5:I$64)=0),NA(),SUMIFS(Revenue!I$5:I$64,Revenue!$A$5:$A$64,$A4))
A5: =EDATE(Dashboard!$B$4,-9) | B5: =IF(OR(COUNTIF(Revenue!$A$5:$A$64,$A5)=0,SUM(Revenue!B$5:B$64)=0),NA(),SUMIFS(Revenue!B$5:B$64,Revenue!$A$5:$A$64,$A5)) | C5: =IF(OR(COUNTIF(Revenue!$A$5:$A$64,$A5)=0,SUM(Revenue!C$5:C$64)=0),NA(),SUMIFS(Revenue!C$5:C$64,Revenue!$A$5:$A$64,$A5)) | D5: =IF(OR(COUNTIF(Revenue!$A$5:$A$64,$A5)=0,SUM(Revenue!D$5:D$64)=0),NA(),SUMIFS(Revenue!D$5:D$64,Revenue!$A$5:$A$64,$A5)) | E5: =IF(OR(COUNTIF(Revenue!$A$5:$A$64,$A5)=0,SUM(Revenue!E$5:E$64)=0),NA(),SUMIFS(Revenue!E$5:E$64,Revenue!$A$5:$A$64,$A5)) | F5: =IF(OR(COUNTIF(Revenue!$A$5:$A$64,$A5)=0,SUM(Revenue!F$5:F$64)=0),NA(),SUMIFS(Revenue!F$5:F$64,Revenue!$A$5:$A$64,$A5)) | G5: =IF(OR(COUNTIF(Revenue!$A$5:$A$64,$A5)=0,SUM(Revenue!G$5:G$64)=0),NA(),SUMIFS(Revenue!G$5:G$64,Revenue!$A$5:$A$64,$A5)) | H5: =IF(OR(COUNTIF(Revenue!$A$5:$A$64,$A5)=0,SUM(Revenue!H$5:H$64)=0),NA(),SUMIFS(Revenue!H$5:H$64,Revenue!$A$5:$A$64,$A5)) | I5: =IF(OR(COUNTIF(Revenue!$A$5:$A$64,$A5)=0,SUM(Revenue!I$5:I$64)=0),NA(),SUMIFS(Revenue!I$5:I$64,Revenue!$A$5:$A$64,$A5))
A6: =EDATE(Dashboard!$B$4,-8) | B6: =IF(OR(COUNTIF(Revenue!$A$5:$A$64,$A6)=0,SUM(Revenue!B$5:B$64)=0),NA(),SUMIFS(Revenue!B$5:B$64,Revenue!$A$5:$A$64,$A6)) | C6: =IF(OR(COUNTIF(Revenue!$A$5:$A$64,$A6)=0,SUM(Revenue!C$5:C$64)=0),NA(),SUMIFS(Revenue!C$5:C$64,Revenue!$A$5:$A$64,$A6)) | D6: =IF(OR(COUNTIF(Revenue!$A$5:$A$64,$A6)=0,SUM(Revenue!D$5:D$64)=0),NA(),SUMIFS(Revenue!D$5:D$64,Revenue!$A$5:$A$64,$A6)) | E6: =IF(OR(COUNTIF(Revenue!$A$5:$A$64,$A6)=0,SUM(Revenue!E$5:E$64)=0),NA(),SUMIFS(Revenue!E$5:E$64,Revenue!$A$5:$A$64,$A6)) | F6: =IF(OR(COUNTIF(Revenue!$A$5:$A$64,$A6)=0,SUM(Revenue!F$5:F$64)=0),NA(),SUMIFS(Revenue!F$5:F$64,Revenue!$A$5:$A$64,$A6)) | G6: =IF(OR(COUNTIF(Revenue!$A$5:$A$64,$A6)=0,SUM(Revenue!G$5:G$64)=0),NA(),SUMIFS(Revenue!G$5:G$64,Revenue!$A$5:$A$64,$A6)) | H6: =IF(OR(COUNTIF(Revenue!$A$5:$A$64,$A6)=0,SUM(Revenue!H$5:H$64)=0),NA(),SUMIFS(Revenue!H$5:H$64,Revenue!$A$5:$A$64,$A6)) | I6: =IF(OR(COUNTIF(Revenue!$A$5:$A$64,$A6)=0,SUM(Revenue!I$5:I$64)=0),NA(),SUMIFS(Revenue!I$5:I$64,Revenue!$A$5:$A$64,$A6))
A7: =EDATE(Dashboard!$B$4,-7) | B7: =IF(OR(COUNTIF(Revenue!$A$5:$A$64,$A7)=0,SUM(Revenue!B$5:B$64)=0),NA(),SUMIFS(Revenue!B$5:B$64,Revenue!$A$5:$A$64,$A7)) | C7: =IF(OR(COUNTIF(Revenue!$A$5:$A$64,$A7)=0,SUM(Revenue!C$5:C$64)=0),NA(),SUMIFS(Revenue!C$5:C$64,Revenue!$A$5:$A$64,$A7)) | D7: =IF(OR(COUNTIF(Revenue!$A$5:$A$64,$A7)=0,SUM(Revenue!D$5:D$64)=0),NA(),SUMIFS(Revenue!D$5:D$64,Revenue!$A$5:$A$64,$A7)) | E7: =IF(OR(COUNTIF(Revenue!$A$5:$A$64,$A7)=0,SUM(Revenue!E$5:E$64)=0),NA(),SUMIFS(Revenue!E$5:E$64,Revenue!$A$5:$A$64,$A7)) | F7: =IF(OR(COUNTIF(Revenue!$A$5:$A$64,$A7)=0,SUM(Revenue!F$5:F$64)=0),NA(),SUMIFS(Revenue!F$5:F$64,Revenue!$A$5:$A$64,$A7)) | G7: =IF(OR(COUNTIF(Revenue!$A$5:$A$64,$A7)=0,SUM(Revenue!G$5:G$64)=0),NA(),SUMIFS(Revenue!G$5:G$64,Revenue!$A$5:$A$64,$A7)) | H7: =IF(OR(COUNTIF(Revenue!$A$5:$A$64,$A7)=0,SUM(Revenue!H$5:H$64)=0),NA(),SUMIFS(Revenue!H$5:H$64,Revenue!$A$5:$A$64,$A7)) | I7: =IF(OR(COUNTIF(Revenue!$A$5:$A$64,$A7)=0,SUM(Revenue!I$5:I$64)=0),NA(),SUMIFS(Revenue!I$5:I$64,Revenue!$A$5:$A$64,$A7))
A8: =EDATE(Dashboard!$B$4,-6) | B8: =IF(OR(COUNTIF(Revenue!$A$5:$A$64,$A8)=0,SUM(Revenue!B$5:B$64)=0),NA(),SUMIFS(Revenue!B$5:B$64,Revenue!$A$5:$A$64,$A8)) | C8: =IF(OR(COUNTIF(Revenue!$A$5:$A$64,$A8)=0,SUM(Revenue!C$5:C$64)=0),NA(),SUMIFS(Revenue!C$5:C$64,Revenue!$A$5:$A$64,$A8)) | D8: =IF(OR(COUNTIF(Revenue!$A$5:$A$64,$A8)=0,SUM(Revenue!D$5:D$64)=0),NA(),SUMIFS(Revenue!D$5:D$64,Revenue!$A$5:$A$64,$A8)) | E8: =IF(OR(COUNTIF(Revenue!$A$5:$A$64,$A8)=0,SUM(Revenue!E$5:E$64)=0),NA(),SUMIFS(Revenue!E$5:E$64,Revenue!$A$5:$A$64,$A8)) | F8: =IF(OR(COUNTIF(Revenue!$A$5:$A$64,$A8)=0,SUM(Revenue!F$5:F$64)=0),NA(),SUMIFS(Revenue!F$5:F$64,Revenue!$A$5:$A$64,$A8)) | G8: =IF(OR(COUNTIF(Revenue!$A$5:$A$64,$A8)=0,SUM(Revenue!G$5:G$64)=0),NA(),SUMIFS(Revenue!G$5:G$64,Revenue!$A$5:$A$64,$A8)) | H8: =IF(OR(COUNTIF(Revenue!$A$5:$A$64,$A8)=0,SUM(Revenue!H$5:H$64)=0),NA(),SUMIFS(Revenue!H$5:H$64,Revenue!$A$5:$A$64,$A8)) | I8: =IF(OR(COUNTIF(Revenue!$A$5:$A$64,$A8)=0,SUM(Revenue!I$5:I$64)=0),NA(),SUMIFS(Revenue!I$5:I$64,Revenue!$A$5:$A$64,$A8))
A9: =EDATE(Dashboard!$B$4,-5) | B9: =IF(OR(COUNTIF(Revenue!$A$5:$A$64,$A9)=0,SUM(Revenue!B$5:B$64)=0),NA(),SUMIFS(Revenue!B$5:B$64,Revenue!$A$5:$A$64,$A9)) | C9: =IF(OR(COUNTIF(Revenue!$A$5:$A$64,$A9)=0,SUM(Revenue!C$5:C$64)=0),NA(),SUMIFS(Revenue!C$5:C$64,Revenue!$A$5:$A$64,$A9)) | D9: =IF(OR(COUNTIF(Revenue!$A$5:$A$64,$A9)=0,SUM(Revenue!D$5:D$64)=0),NA(),SUMIFS(Revenue!D$5:D$64,Revenue!$A$5:$A$64,$A9)) | E9: =IF(OR(COUNTIF(Revenue!$A$5:$A$64,$A9)=0,SUM(Revenue!E$5:E$64)=0),NA(),SUMIFS(Revenue!E$5:E$64,Revenue!$A$5:$A$64,$A9)) | F9: =IF(OR(COUNTIF(Revenue!$A$5:$A$64,$A9)=0,SUM(Revenue!F$5:F$64)=0),NA(),SUMIFS(Revenue!F$5:F$64,Revenue!$A$5:$A$64,$A9)) | G9: =IF(OR(COUNTIF(Revenue!$A$5:$A$64,$A9)=0,SUM(Revenue!G$5:G$64)=0),NA(),SUMIFS(Revenue!G$5:G$64,Revenue!$A$5:$A$64,$A9)) | H9: =IF(OR(COUNTIF(Revenue!$A$5:$A$64,$A9)=0,SUM(Revenue!H$5:H$64)=0),NA(),SUMIFS(Revenue!H$5:H$64,Revenue!$A$5:$A$64,$A9)) | I9: =IF(OR(COUNTIF(Revenue!$A$5:$A$64,$A9)=0,SUM(Revenue!I$5:I$64)=0),NA(),SUMIFS(Revenue!I$5:I$64,Revenue!$A$5:$A$64,$A9))
A10: =EDATE(Dashboard!$B$4,-4) | B10: =IF(OR(COUNTIF(Revenue!$A$5:$A$64,$A10)=0,SUM(Revenue!B$5:B$64)=0),NA(),SUMIFS(Revenue!B$5:B$64,Revenue!$A$5:$A$64,$A10)) | C10: =IF(OR(COUNTIF(Revenue!$A$5:$A$64,$A10)=0,SUM(Revenue!C$5:C$64)=0),NA(),SUMIFS(Revenue!C$5:C$64,Revenue!$A$5:$A$64,$A10)) | D10: =IF(OR(COUNTIF(Revenue!$A$5:$A$64,$A10)=0,SUM(Revenue!D$5:D$64)=0),NA(),SUMIFS(Revenue!D$5:D$64,Revenue!$A$5:$A$64,$A10)) | E10: =IF(OR(COUNTIF(Revenue!$A$5:$A$64,$A10)=0,SUM(Revenue!E$5:E$64)=0),NA(),SUMIFS(Revenue!E$5:E$64,Revenue!$A$5:$A$64,$A10)) | F10: =IF(OR(COUNTIF(Revenue!$A$5:$A$64,$A10)=0,SUM(Revenue!F$5:F$64)=0),NA(),SUMIFS(Revenue!F$5:F$64,Revenue!$A$5:$A$64,$A10)) | G10: =IF(OR(COUNTIF(Revenue!$A$5:$A$64,$A10)=0,SUM(Revenue!G$5:G$64)=0),NA(),SUMIFS(Revenue!G$5:G$64,Revenue!$A$5:$A$64,$A10)) | H10: =IF(OR(COUNTIF(Revenue!$A$5:$A$64,$A10)=0,SUM(Revenue!H$5:H$64)=0),NA(),SUMIFS(Revenue!H$5:H$64,Revenue!$A$5:$A$64,$A10)) | I10: =IF(OR(COUNTIF(Revenue!$A$5:$A$64,$A10)=0,SUM(Revenue!I$5:I$64)=0),NA(),SUMIFS(Revenue!I$5:I$64,Revenue!$A$5:$A$64,$A10))
A11: =EDATE(Dashboard!$B$4,-3) | B11: =IF(OR(COUNTIF(Revenue!$A$5:$A$64,$A11)=0,SUM(Revenue!B$5:B$64)=0),NA(),SUMIFS(Revenue!B$5:B$64,Revenue!$A$5:$A$64,$A11)) | C11: =IF(OR(COUNTIF(Revenue!$A$5:$A$64,$A11)=0,SUM(Revenue!C$5:C$64)=0),NA(),SUMIFS(Revenue!C$5:C$64,Revenue!$A$5:$A$64,$A11)) | D11: =IF(OR(COUNTIF(Revenue!$A$5:$A$64,$A11)=0,SUM(Revenue!D$5:D$64)=0),NA(),SUMIFS(Revenue!D$5:D$64,Revenue!$A$5:$A$64,$A11)) | E11: =IF(OR(COUNTIF(Revenue!$A$5:$A$64,$A11)=0,SUM(Revenue!E$5:E$64)=0),NA(),SUMIFS(Revenue!E$5:E$64,Revenue!$A$5:$A$64,$A11)) | F11: =IF(OR(COUNTIF(Revenue!$A$5:$A$64,$A11)=0,SUM(Revenue!F$5:F$64)=0),NA(),SUMIFS(Revenue!F$5:F$64,Revenue!$A$5:$A$64,$A11)) | G11: =IF(OR(COUNTIF(Revenue!$A$5:$A$64,$A11)=0,SUM(Revenue!G$5:G$64)=0),NA(),SUMIFS(Revenue!G$5:G$64,Revenue!$A$5:$A$64,$A11)) | H11: =IF(OR(COUNTIF(Revenue!$A$5:$A$64,$A11)=0,SUM(Revenue!H$5:H$64)=0),NA(),SUMIFS(Revenue!H$5:H$64,Revenue!$A$5:$A$64,$A11)) | I11: =IF(OR(COUNTIF(Revenue!$A$5:$A$64,$A11)=0,SUM(Revenue!I$5:I$64)=0),NA(),SUMIFS(Revenue!I$5:I$64,Revenue!$A$5:$A$64,$A11))
A12: =EDATE(Dashboard!$B$4,-2) | B12: =IF(OR(COUNTIF(Revenue!$A$5:$A$64,$A12)=0,SUM(Revenue!B$5:B$64)=0),NA(),SUMIFS(Revenue!B$5:B$64,Revenue!$A$5:$A$64,$A12)) | C12: =IF(OR(COUNTIF(Revenue!$A$5:$A$64,$A12)=0,SUM(Revenue!C$5:C$64)=0),NA(),SUMIFS(Revenue!C$5:C$64,Revenue!$A$5:$A$64,$A12)) | D12: =IF(OR(COUNTIF(Revenue!$A$5:$A$64,$A12)=0,SUM(Revenue!D$5:D$64)=0),NA(),SUMIFS(Revenue!D$5:D$64,Revenue!$A$5:$A$64,$A12)) | E12: =IF(OR(COUNTIF(Revenue!$A$5:$A$64,$A12)=0,SUM(Revenue!E$5:E$64)=0),NA(),SUMIFS(Revenue!E$5:E$64,Revenue!$A$5:$A$64,$A12)) | F12: =IF(OR(COUNTIF(Revenue!$A$5:$A$64,$A12)=0,SUM(Revenue!F$5:F$64)=0),NA(),SUMIFS(Revenue!F$5:F$64,Revenue!$A$5:$A$64,$A12)) | G12: =IF(OR(COUNTIF(Revenue!$A$5:$A$64,$A12)=0,SUM(Revenue!G$5:G$64)=0),NA(),SUMIFS(Revenue!G$5:G$64,Revenue!$A$5:$A$64,$A12)) | H12: =IF(OR(COUNTIF(Revenue!$A$5:$A$64,$A12)=0,SUM(Revenue!H$5:H$64)=0),NA(),SUMIFS(Revenue!H$5:H$64,Revenue!$A$5:$A$64,$A12)) | I12: =IF(OR(COUNTIF(Revenue!$A$5:$A$64,$A12)=0,SUM(Revenue!I$5:I$64)=0),NA(),SUMIFS(Revenue!I$5:I$64,Revenue!$A$5:$A$64,$A12))
A13: =EDATE(Dashboard!$B$4,-1) | B13: =IF(OR(COUNTIF(Revenue!$A$5:$A$64,$A13)=0,SUM(Revenue!B$5:B$64)=0),NA(),SUMIFS(Revenue!B$5:B$64,Revenue!$A$5:$A$64,$A13)) | C13: =IF(OR(COUNTIF(Revenue!$A$5:$A$64,$A13)=0,SUM(Revenue!C$5:C$64)=0),NA(),SUMIFS(Revenue!C$5:C$64,Revenue!$A$5:$A$64,$A13)) | D13: =IF(OR(COUNTIF(Revenue!$A$5:$A$64,$A13)=0,SUM(Revenue!D$5:D$64)=0),NA(),SUMIFS(Revenue!D$5:D$64,Revenue!$A$5:$A$64,$A13)) | E13: =IF(OR(COUNTIF(Revenue!$A$5:$A$64,$A13)=0,SUM(Revenue!E$5:E$64)=0),NA(),SUMIFS(Revenue!E$5:E$64,Revenue!$A$5:$A$64,$A13)) | F13: =IF(OR(COUNTIF(Revenue!$A$5:$A$64,$A13)=0,SUM(Revenue!F$5:F$64)=0),NA(),SUMIFS(Revenue!F$5:F$64,Revenue!$A$5:$A$64,$A13)) | G13: =IF(OR(COUNTIF(Revenue!$A$5:$A$64,$A13)=0,SUM(Revenue!G$5:G$64)=0),NA(),SUMIFS(Revenue!G$5:G$64,Revenue!$A$5:$A$64,$A13)) | H13: =IF(OR(COUNTIF(Revenue!$A$5:$A$64,$A13)=0,SUM(Revenue!H$5:H$64)=0),NA(),SUMIFS(Revenue!H$5:H$64,Revenue!$A$5:$A$64,$A13)) | I13: =IF(OR(COUNTIF(Revenue!$A$5:$A$64,$A13)=0,SUM(Revenue!I$5:I$64)=0),NA(),SUMIFS(Revenue!I$5:I$64,Revenue!$A$5:$A$64,$A13))
A14: =EDATE(Dashboard!$B$4,0) | B14: =IF(OR(COUNTIF(Revenue!$A$5:$A$64,$A14)=0,SUM(Revenue!B$5:B$64)=0),NA(),SUMIFS(Revenue!B$5:B$64,Revenue!$A$5:$A$64,$A14)) | C14: =IF(OR(COUNTIF(Revenue!$A$5:$A$64,$A14)=0,SUM(Revenue!C$5:C$64)=0),NA(),SUMIFS(Revenue!C$5:C$64,Revenue!$A$5:$A$64,$A14)) | D14: =IF(OR(COUNTIF(Revenue!$A$5:$A$64,$A14)=0,SUM(Revenue!D$5:D$64)=0),NA(),SUMIFS(Revenue!D$5:D$64,Revenue!$A$5:$A$64,$A14)) | E14: =IF(OR(COUNTIF(Revenue!$A$5:$A$64,$A14)=0,SUM(Revenue!E$5:E$64)=0),NA(),SUMIFS(Revenue!E$5:E$64,Revenue!$A$5:$A$64,$A14)) | F14: =IF(OR(COUNTIF(Revenue!$A$5:$A$64,$A14)=0,SUM(Revenue!F$5:F$64)=0),NA(),SUMIFS(Revenue!F$5:F$64,Revenue!$A$5:$A$64,$A14)) | G14: =IF(OR(COUNTIF(Revenue!$A$5:$A$64,$A14)=0,SUM(Revenue!G$5:G$64)=0),NA(),SUMIFS(Revenue!G$5:G$64,Revenue!$A$5:$A$64,$A14)) | H14: =IF(OR(COUNTIF(Revenue!$A$5:$A$64,$A14)=0,SUM(Revenue!H$5:H$64)=0),NA(),SUMIFS(Revenue!H$5:H$64,Revenue!$A$5:$A$64,$A14)) | I14: =IF(OR(COUNTIF(Revenue!$A$5:$A$64,$A14)=0,SUM(Revenue!I$5:I$64)=0),NA(),SUMIFS(Revenue!I$5:I$64,Revenue!$A$5:$A$64,$A14))
